 Dungeon Crawl Stone Soup version 0.25.0-46-gbd7b0854d2 (webtiles) character file.

Game seed: 17126771222028534658

1934 Ceapi the Protected (level 8, -4/96 HPs)
             Began as a Minotaur Berserker on July 12, 2020.
             Was a Priest of Trog.
             Slain by Menkaure (15 damage)
             ... on level 6 of the Dungeon.
             The game lasted 00:24:41 (6522 turns).

Ceapi the Protected (Minotaur Berserker)            Turns: 6522, Time: 00:24:41

Health: -4/96      AC: 10    Str: 24    XL:     8   Next: 97%
Magic:  7/7        EV: 11    Int:  4    God:    Trog [***...]
Gold:   296        SH:  0    Dex: 10    Spells: 7/7 levels left

rFire    . . .     SeeInvis .   u - +4 quarterstaff (chaos)
rCold    . . .     Gourm    .   (shield currently unavailable)
rNeg     . . .     Faith    .   o - +0 scale mail
rPois    .         Spirit   .   (helmet restricted)
rElec    .         Reflect  .   (no cloak)
rCorr    .         Harm     .   a - +0 pair of gloves
MR       ++...                  (no boots)
Stlth    ..........             (no amulet)
HPRegen  1.26/turn              (no ring)
MPRegen  0.10/turn              (no ring)

@: berserking (expiring), regenerating, very quick
A: retaliatory headbutt, horns 2
a: Berserk, Trog's Hand, Renounce Religion


You were on level 6 of the Dungeon.
You worshipped Trog.
Trog was most pleased with you.
You were hungry.

You visited 1 branch of the dungeon, and saw 6 of its levels.
You also visited: Sewer.

You collected 296 gold pieces.

Inventory:

Hand Weapons
 u - a +4 quarterstaff of chaos (weapon)
Armour
 a - a +0 pair of gloves (worn)
 o - a +0 scale mail (worn)
Wands
 w - a wand of flame (14)
 x - a wand of acid (9)
 y - a wand of iceblast (9)
Scrolls
 d - a scroll of teleportation {unknown}
 e - a scroll of fog {unknown}
 f - 3 scrolls of remove curse
 g - 5 scrolls of identify
 h - 5 scrolls of blinking {unknown}
 n - 2 scrolls of fear {unknown}
 p - 3 scrolls of enchant weapon {unknown}
 v - a scroll of amnesia {unknown}
Potions
 i - a potion of degeneration {unknown}
 j - a potion of flight {unknown}
 k - a potion of stabbing {unknown}
 l - 2 potions of lignification {unknown}
 m - 2 potions of haste {unknown}
 q - 2 potions of might {unknown}
 r - 3 potions of heal wounds {unknown}
 s - a potion of berserk rage {unknown}
 t - 2 potions of curing {unknown}
 z - a potion of resistance {unknown}
 A - a potion of brilliance {unknown}
 B - a potion of mutation {unknown}
Comestibles
 b - 8 chunks of flesh
 c - 8 rations


   Skills:
 - Level 3.6 Fighting
   Level 0.0 Long Blades
   Level 5.8(7.9) Maces & Flails
 + Level 8.2(9.0) Staves
 + Level 10.4 Armour
 - Level 2.1 Dodging


You had 7 spell levels left.
You didn't know any spells.
Your spell library was empty.

Dungeon Overview and Level Annotations

Branches:
Dungeon (6/15)             Temple (0/1) D:5           Sewer (visited)

Altars:
Cheibriados
Nemelex Xobeh
Vehumet
Zin

Annotations:
D:6 Menkaure


Innate Abilities, Weirdness & Mutations

You reflexively headbutt those who attack you in melee.
You have a pair of horns on your head.


Message History

The ogre convulses!
Your body is wracked with pain!
* * * LOW HITPOINT WARNING * * *
A red film seems to cover your vision as you go berserk!
You feel yourself moving faster!
You feel mighty!
You are feeling hungry.
The ogre barely misses you. You furiously retaliate!
You headbutt the ogre!
You kill the ogre!
Trog accepts your kill.
Menkaure calls on the powers of darkness!
Your body is wracked with pain!
* * * LOW HITPOINT WARNING * * *
You feel a strong urge to attack something.
Menkaure calls on the powers of darkness!
Your body is wracked with pain!
* * * LOW HITPOINT WARNING * * *
You see here a +0 giant club.
You sock Menkaure!
Menkaure is heavily damaged.
Menkaure hits you!
You die...

###.##.#### ##
.........## ##
.........### #.#
...!....... #.
.....$.... #
......... # #.....#
# #ZM..# # #@#.## #
#)# # #
#.#########.######
#
#.............(....
#
............#######
# #######.#.### #
#.#.# # #.#.# #
#.#.#


You could see Menkaure (fast) and a leopard gecko skeleton.

Vanquished Creatures
  An orc warrior (D:6)
  A sky beast (D:5)
  A black bear (D:6)
  2 ice beasts (D:5)
  2 ogres
  A big kobold (D:5)
  4 bullfrogs
  Blork the orc (D:4)
  A scorpion (D:6)
  A howler monkey (D:6)
  A centaur zombie (D:5)
  3 crimson imps
  2 hounds (D:4)
  A quasit (D:5)
  A jelly (D:6)
  Crazy Yiuf (D:2)
  A gnoll shaman (D:6)
  3 orc wizards
  An iguana (D:6)
  2 orc priests (D:5)
  Natasha (twice) (D:2)
  4 worker ants
  A hound skeleton (D:4)
  3 gnolls (D:6)
  7 adders
  An ooze (D:2)
  2 adder skeletons (D:5)
  2 worms
  2 dart slugs (D:4)
  3 leopard geckos
  9 orcs
  8 bats
  6 giant cockroaches
  3 goblins
  11 hobgoblins
  9 jackals
  3 quokkas
  6 ball pythons
  A ball python skeleton (D:5)
  16 frilled lizards
  A jackal skeleton (D:5)
  8 kobolds
  10 rats
  2 fungi (D:2)
151 creatures vanquished.

Vanquished Creatures (others)
  An orc wizard (D:5)
1 creature vanquished.

Grand Total: 152 creatures vanquished

Notes
Turn   | Place    | Note
-------+----------+-------------------------------------------
     0 | D:1      | Ceapi the Minotaur Berserker began the quest for the Orb.
     0 | D:1      | Reached XP level 1. HP: 19/19 MP: 0/0
   690 | D:1      | Reached XP level 2. HP: 26/26 MP: 1/1
  1170 | D:1      | Reached ** piety under Trog
  1445 | D:2      | Reached skill level 3 in Armour
  1445 | D:2      | Reached XP level 3. HP: 21/31 MP: 2/2
  1594 | D:2      | Reached skill level 5 in Maces & Flails
  1920 | D:2      | Noticed Natasha
  1926 | D:2      | Killed Natasha
  1926 | D:2      | Reached XP level 4. HP: 28/39 MP: 3/3
  1942 | D:2      | Noticed Natasha
  1950 | D:2      | Killed Natasha
  1950 | D:2      | Reached skill level 4 in Armour
  2617 | D:2      | Found a runed translucent door.
  2618 | D:2      | Noticed Crazy Yiuf
  2625 | D:2      | Killed Crazy Yiuf
  2625 | D:2      | Reached XP level 5. HP: 45/45 MP: 4/4
  2860 | D:3      | Found a glowing drain.
  2915 | Sewer    | Entered a sewer
  3158 | Sewer    | Reached skill level 5 in Armour
  3161 | Sewer    | Reached skill level 6 in Armour
  3161 | Sewer    | Reached XP level 6. HP: 36/51 MP: 5/5
  3797 | D:4      | Noticed Blork the orc
  3799 | D:4      | Found a snail-covered altar of Cheibriados.
  3813 | D:4      | Killed Blork the orc
  3813 | D:4      | Reached skill level 1 in Staves
  3928 | D:4      | Reached *** piety under Trog
  3930 | D:4      | Reached skill level 7 in Armour
  3935 | D:4      | Reached XP level 7. HP: 57/57 MP: 6/6
  4073 | D:4      | Found a glowing silver altar of Zin.
  4357 | D:5      | Entered Level 5 of the Dungeon
  4568 | D:5      | Found a staircase to the Ecumenical Temple.
  4622 | D:5      | Reached skill level 8 in Armour
  4970 | D:5      | Reached skill level 5 in Staves
  5087 | D:5      | Reached XP level 8. HP: 62/64 MP: 7/7
  5300 | D:5      | Reached skill level 9 in Armour
  6043 | D:6      | Found a radiant altar of Vehumet.
  6046 | D:6      | Reached skill level 10 in Armour
  6330 | D:6      | Reached **** piety under Trog
  6487 | D:6      | Found a sparkling altar of Nemelex Xobeh.
  6513 | D:6      | Noticed Menkaure
  6522 | D:6      | Slain by Menkaure

Illustrated notes

Levels and vault maps discovered:
D:1:      sevenhm_arrival_forest_fort_small_5, layout_basic, minmay_quantized
D:2:      layout_loops_ring, minmay_stone_trees_medium, uniq_crazy_yiuf_cottage,
          uniq_natasha
D:3:      layout_rooms, first_ration, portal_sewer_entry_a
D:4:      layout_basic, kennysheep_slug_shrine, zin_academy, uniq_blork_the_orc
D:5:      layout_loops_ring, temple_doors_e, minmay_small_thing
D:6:      layout_loops_ring, vehumet_crystals,
          yredelemnul_forgotten_temple_becter,
          nemelex_xobeh_ov_fountains_minmay, uniq_menkaure

Skill      XL: |  1  2  3  4  5  6  7  8 |
---------------+-------------------------+-----
Maces & Flails | 4 5 |  5.8
Armour         | 3 4 6 7 8 10 | 10.4
Staves         | 2 5 8 |  8.2
Fighting       | |  3.6
Dodging        | |  2.1

Action                   |  1- 3 |  4- 6 |  7- 9 || total
-------------------------+-------+-------+-------++-------
Melee: Mace              |    72 |    38 |       ||   110
       Headbutt          |    11 |    14 |    22 ||    47
       Quarterstaff      |       |    68 |   148 ||   216
Invok: Berserk           |       |     3 |     3 ||     6
       Trog's Hand       |       |       |     1 ||     1
  Use: Scroll            |       |       |     2 ||     2
 Stab: Confused          |       |       |     1 ||     1
       Paralysed         |       |       |     1 ||     1
  Eat: Chunk             |     3 |     5 |     8 ||    16
       Ration            |       |     1 |     1 ||     2
Armor: Animal skin       |     4 |       |       ||     4
       Scale mail        |    22 |    41 |    56 ||   119
Dodge: Dodged            |    41 |    48 |    83 ||   172
Block: Buckler           |     2 |     4 |       ||     6
       Rpst.: Double sword |       |     1 |       ||     1
